 Dungeon Crawl Stone Soup version 0.26.1-11-gd32895ea62 (webtiles) character file.

Game seed: 8901607311867433596

291 Almogavar the Slasher (level 6, -8/49 HPs)
             Began as a Barachi Fighter on June 17, 2021.
             Mangled by a black bear (9 damage)
             ... on level 3 of the Dungeon.
             The game lasted 00:06:31 (2975 turns).

Almogavar the Slasher (Barachi Fighter)             Turns: 2975, Time: 00:06:33

Health: -8/49      AC:  7    Str: 19    XL:     6   Next: 32%
Magic:  6/6        EV:  8    Int:  9    God:
Gold:   168        SH:  9    Dex: 11    Spells: 5/5 levels left

rFire    . . .     SeeInvis .   a - +0 long sword
rCold    . . .     Faith    .   c - +0 kite shield
rNeg     . . .     Spirit   .   b - +0 scale mail
rPois    .         Reflect  .   (no helmet)
rElec    .         Harm     .   (no cloak)
rCorr    .         Rampage  .   (no gloves)
Will     .....                  (no boots)
Stlth    ..........             (no amulet)
HPRegen  0.16/turn              (no ring)
MPRegen  0.10/turn              (no ring)

@: slow
A: +LOS, swims, slowness 1, strong legs 1
a: Hop


You were on level 3 of the Dungeon.
You visited 1 branch of the dungeon, and saw 3 of its levels.

You collected 168 gold pieces.

Inventory:

Hand Weapons
 a - a +0 long sword (weapon)
Missiles
 j - 5 javelins
 k - 13 poisoned darts (quivered)
 p - 2 atropa-tipped darts
Armour
 b - a +0 scale mail (worn)
 c - a +0 kite shield (worn)
Scrolls
 e - 3 scrolls of teleportation
 f - a scroll of magic mapping
 l - 3 scrolls of blinking {unknown}
 n - a scroll of enchant weapon {unknown}
 o - 2 scrolls of fog {unknown}
 q - a scroll of immolation {unknown}
 r - 2 scrolls of remove curse {unknown}
 s - a scroll of enchant armour {unknown}
Potions
 d - a potion of might
 g - 2 potions of curing {unknown}
 h - a potion of heal wounds
 i - a potion of mutation {unknown}
 m - a potion of brilliance {unknown}


   Skills:
 + Level 4.5 Fighting
 + Level 5.3 Long Blades
 + Level 4.7 Armour
 + Level 1.2 Dodging
 + Level 4.5 Shields


You had 5 spell levels left.
You didn't know any spells.
Your spell library was empty.

Dungeon Overview and Level Annotations

Branches:
Dungeon (3/15)

Altars:
Elyvilon
Trog
Yredelemnul

Annotations:
D:3 1 runed translucent door, Crazy Yiuf


Innate Abilities, Weirdness & Mutations

You can be seen from farther away. (+LOS)
You can swim through water.
You cover ground slowly.
You can hop short distances.


Message History

You block the black bear's attack. You block the black bear's attack.
The black bear closely misses you. The black bear barely misses you.
The black bear bites you. The black bear barely misses you.
The black bear closely misses you. The black bear bites you!
* * * LOW HITPOINT WARNING * * *
The black bear claws you.
* * * LOW HITPOINT WARNING * * *
The black bear barely misses you.
There is an open door here.
The black bear completely misses you.
The black bear claws you but does no damage. x2
You barely miss the black bear.
The black bear is almost dead.
The black bear bites you!
* * * LOW HITPOINT WARNING * * *
You block the black bear's attack. The black bear barely misses you.
The black bear bites you!
You die...

...#.# ##.## ##......## .#.#.#
#.# ##........## .....# #.#
#..........# .#.### ##'##
##........## .#.# ##..)##
##......## ...## ##..÷..##
##.##.## # .##.## ##.......##
##.##.# #.
.#...####.........####...#.#####.
........'.......@h'........(.(((.
.#...####.........####...#.######
.....# ##.......## ##.##.# .###.#
##.....## ####.# .# #.# ##...##
#.# # .###.########'## ##.## #
..##.#...†....# #...# #
..##.#.#####..#### #...# #
..##.#.##........# #...# #


You could see a black bear (berserk).

Vanquished Creatures
  A black bear (D:3)
  A scorpion (D:3)
  An orc priest (D:2)
  Terence (D:2)
  3 adders
  An ooze (D:1)
  2 worms
  2 leopard geckos (D:1)
  4 orcs
  7 bats
  A giant cockroach (D:1)
  7 goblins
  6 hobgoblins
  10 kobolds
  A quokka (D:3)
  6 frilled lizards
  5 rats
59 creatures vanquished.

Vanquished Creatures (others)
  A fungus (D:3)
1 creature vanquished.

Grand Total: 60 creatures vanquished

Notes
Turn   | Place    | Note
-------+----------+-------------------------------------------
     0 | D:1      | Almogavar the Barachi Fighter began the quest for the Orb.
     0 | D:1      | Reached XP level 1. HP: 18/18 MP: 1/1
   154 | D:1      | Reached XP level 2. HP: 25/25 MP: 2/2
   418 | D:1      | Reached skill level 3 in Long Blades
   496 | D:1      | Reached XP level 3. HP: 30/30 MP: 3/3
   866 | D:2      | Reached skill level 4 in Long Blades
   866 | D:2      | Reached XP level 4. HP: 16/37 MP: 4/4
  1394 | D:2      | Found a white marble altar of Elyvilon.
  1400 | D:2      | Found a basalt altar of Yredelemnul.
  1405 | D:2      | Found a bloodstained altar of Trog.
  1440 | D:2      | Noticed Terence
  1459 | D:2      | Killed Terence
  1460 | D:2      | Reached XP level 5. HP: 20/42 MP: 5/5
  1928 | D:3      | Noticed a black bear
  1937 | D:3      | Killed a black bear
  1938 | D:3      | Reached skill level 5 in Long Blades
  1938 | D:3      | Reached skill level 1 in Dodging
  2215 | D:3      | Reached XP level 6. HP: 49/49 MP: 6/6
  2340 | D:3      | Found a runed translucent door.
  2341 | D:3      | Noticed Crazy Yiuf
  2954 | D:3      | Noticed a black bear
  2975 | D:3      | HP: 1/49 [black bear (10)]
  2975 | D:3      | Mangled by a black bear

Illustrated notes

Levels and vault maps discovered:
D:1:      scummos_arrival_forest, layout_basic
D:2:      layout_loops_ring, minmay_overflow_temple_star_quad, uniq_terence
D:3:      layout_loops_corners, uniq_crazy_yiuf_cottage

Skill      XL: |  1  2  3  4  5 |
---------------+----------------+-----
Armour         | 4 |  4.7
Fighting       | 4 |  4.5
Long Blades    | 3 4 5 |  5.3
Dodging        | 1 |  1.2
Shields        | 4 |  4.5

Action                   |  1- 3 |  4- 6 || total
-------------------------+-------+-------++-------
Melee: Long sword        |    74 |   110 ||   184
Throw: Dart              |       |     7 ||     7
  Use: Scroll            |     3 |       ||     3
Armor: Scale mail        |    26 |    50 ||    76
Dodge: Dodged            |    21 |    54 ||    75
Block: Kite shield       |    38 |    71 ||   109
       Rpst.: Long sword |     7 |     9 ||    16
